 Dungeon Sprint DCSS version 0.03.2.1-42-g860841ac0a (webtiles) character file.

Game seed: 11318426925715913293, levelgen mode: deterministic

3815 esc the Markscentaur (level 9, -23/91 HPs) Centaur Hunter. Began on Jan 25, 2021. Was an Initiate of Gozag Ym Sagoz. Annihilated by Agnes ... wielding a +0 lajatang (28 damage) ... in the Dungeon (Sprint IV: "Fedhas' Mad Dash"). The game lasted 00:06:51 (1359 turns).

esc the Markscentaur (Centaur Hunter)               Turns: 1359, Time: 00:06:51

Health: -23/91     AC: 11    Str: 15    XL:     9 ^: 78
Magic:  9/9        EV:  8    Int: 10    God:    Gozag Ym Sagoz
Gold:   80         SH:  0    Dex: 13    Spells: 8/8 levels left

rFire    + . .     Vision   .   p - +3 arbalest (freeze)
rCold    . . .     Gourm    .   (also wielding the above weapon)
rNeg     . . .     Faith    .   j - +4 scale mail {rF+}
rPois    .         Spirit   .   (no helmet)
rElec    .         Reflect  .   (no cloak)
rCorr    .         Harm     .   (no gloves)
MR       .....     NoTele   +   (no barding)
Stlth    ..........             m - amulet of invisibility {+Inv}
HPRegen  0.40/turn              (no ring)
MPRegen  0.19/turn              (no ring)

@: gold aura, very quick
A: large, hooves 3, deformed body, speed 2, tough skin 3
a: Potion Petition, Call Merchant, Bribe Branch, Renounce Religion, Evoke
Invisibility


You were in the Dungeon.
You worshipped Gozag Ym Sagoz.
Gozag Ym Sagoz was noncommittal.
You were not hungry.

You visited 1 branch You collected 1799 gold pieces.
You spent 962 gold pieces at shops.
You paid 757 gold pieces to Gozag.

Inventory:

Weapons
 a - a +1 shortbow
 b - a +0 short sword
 p - a +3 arbalest of freezing (weapon)
Armour
 c - a +0 leather armour
 j - a +4 scale mail of fire resistance (worn)
 k - a +3 ring mail of fire resistance
Jewellery
 m - the amulet of invisibility (around neck) {+Inv}
   (You found it in the Dungeon)

   [amulet of nothing]

   It lets you turn invisible.
Scrolls
 l - 4 scrolls of fog
 n - a scroll of vulnerability
Potions
 e - 2 potions of curing
 f - a potion of resistance
 g - 2 potions of haste
 h - 2 potions of magic
 i - a potion of berserk rage
 r - a potion of agility
 s - 2 potions of mutation
Comestibles
 d - 2 rations


   Skills:
 - Level 12.4 Fighting
 - Level 20.9(21.3) Bows
 + Level 7.0(13.8) Crossbows
 - Level 4.7 Armour
 - Level 1.3 Dodging
 - Level 0.4 Stealth


You had 8 spell levels left.
You didn't know any spells.
Your spell library contained the following spells:

 Spells                   Type           Power        Failure   Level  Hunger
 Summon Butterflies       Summ           0 (100)      56%         1    ##.....
 Corpse Rot               Tmut/Necr      N/A          71%         2    ###....
 Call Canine Familiar     Summ           0 (100)      91%         3    ####...
 Stone Arrow              Erth           0 (50)       91%         3    ####...
 Summon Ice Beast         Ice/Summ       0 (100)      100%        4    #####..
 Summon Forest            Summ/Erth      0 (200)      100%        5    ######.
 Summon Mana Viper        Summ/Pois      0 (100)      100%        5    ######.
 Summon Spider Mount      Summ/Pois      0 (200)      100%        5    ######.
 Eringya's Noxious Bog    Tmut/Pois      0 (200)      100%        6    #######
 Summon Hydra Mount       Summ           0 (200)      100%        6    #######


Dungeon Overview and Level Annotations

Branches:
Dungeon (1/1)

Altars:
Cheibriados
Dithmenos
Elyvilon
Gozag Ym Sagoz
Hepliaklqana
Kikubaaqudgha
Makhleb
Nemelex Xobeh
Okawaru
Qazlal
Ru
Sif Muna
Trog
Uskayaw
Vehumet
Wu Jian
Xom
Yredelemnul
Zin
The Shining One
Beogh
Jiyva
Lugonu

Shops:
D (*!*(

Annotations:
D Agnes


Innate Abilities, Weirdness & Mutations

You have hooves in place of feet.
Armour fits poorly on your strangely shaped body.
You cover ground very quickly.
You have extremely tough skin. (AC +3)


Message History

Aiming: Phantom Mirror
Press: ? - help, Dir - move target cursor, f/p - Agnes
Aim: Agnes, wielding a +0 lajatang, brandishing a wand of ensnaring, wearing a +0 robe and wearing a cursed amulet of reduced vision {(Curse: Fragile Stlth-)} (severely wounded (29/102))
You reflect Agnes with the mirror, and the mirror shatters!
Agnes hits Agnes with a +0 lajatang (13)!
Agnes mutters, "I could really go for a good breadfruit right now."
Agnes hits Agnes with a +0 lajatang (20)!!
Agnes hits Agnes with a +0 lajatang (37)!!!
Agnes dies!
Agnes's corpse shimmers and vanishes!
Agnes shouts!
Aiming:
p - a +3 arbalest of freezing, Range: 1 (25%)
Press: ? - help, Shift-Dir - straight line, f/p - Agnes
Aim: Agnes, wielding a +0 lajatang, brandishing a wand of ensnaring, wearing a +0 robe and wearing a cursed amulet of reduced vision {(Curse: Fragile Stlth-)} (almost dead (16/102))
You shoot a bolt. The bolt pierces through Agnes (9)!
The bolt freezes Agnes (4).
Agnes is almost dead. (3/102) HP Agnes hits you with a +0 lajatang (28)!!
You die...
Your body crumbles into a pile of gold.

##############################
#.⌠._._._._.⌠.#.[[...#....##∩#
'.._._._._._..'..#...#....'[.#
#..._._._._...#..###'##...##∩#$$
#.._._._._._..#..##∩∩.'...####
#._._._._._.⌠.#############
################## $
#♣♣♣♣♣..♣]###.'.@+
...[..♣..♣##..#.i#
♣..♣♣♣.♣..###.##'#
.♣♣..♣...♣'...#♣$♣
###############... .♣..♣ ♣....
.♣...


You could see Agnes.

Vanquished Creatures
  A spriggan druid (D)
  3 oklob plants (D)
  A queen bee (D)
  A hornet (D)
  3 wandering mushrooms (D)
  2 scorpions (D)
  3 burning bushes (D)
  4 killer bees (D)
  5 oklob saplings (D)
  A worker ant (D)
  3 spriggans (D)
  A sewer rat (D)
  A rat (D)
  A ballistomycete spore (D)
30 creatures vanquished.

Vanquished Creatures (others)
  A ballistomycete (D)
  A ballistomycete spore (D)
  3 bushes (D)
  A fungus (D)
6 creatures vanquished.

Grand Total: 36 creatures vanquished

Notes
Turn   | Place    | Note
-------+----------+-------------------------------------------
     0 | D        | esc the Centaur Hunter began the quest for the Orb.
     0 | D        | Reached XP level 1. HP: 17/17 MP: 1/1
    14 | D        | Reached skill level 7 in Bows
    14 | D        | Reached XP level 2. HP: 12/24 MP: 2/2
    84 | D        | Reached skill level 9 in Bows
    84 | D        | Reached XP level 3. HP: 29/29 MP: 3/3
    88 | D        | Found the amulet of invisibility {+Inv}
   108 | D        | Reached skill level 10 in Bows
   139 | D        | Found an opulent altar of Gozag.
   139 | D        | Found a hazy altar of Hepliaklqana.
   139 | D        | Found a burning altar of Makhleb.
   139 | D        | Found a roughly hewn altar of Beogh.
   139 | D        | Found a sparkling altar of Nemelex Xobeh.
   139 | D        | Found a snail-covered altar of Cheibriados.
   139 | D        | Found a sacrificial altar of Ru.
   139 | D        | Found a shimmering blue altar of Sif Muna.
   139 | D        | Found a shimmering altar of Xom.
   139 | D        | Found a basalt altar of Yredelemnul.
   140 | D        | Found a viscous altar of Jiyva.
   140 | D        | Found a bloodstained altar of Trog.
   140 | D        | Found an ornate altar of the Wu Jian Council.
   144 | D        | Reached skill level 12 in Bows
   144 | D        | Reached XP level 4. HP: 4/36 MP: 4/4
   145 | D        | Found an iron altar of Okawaru.
   145 | D        | Found a shadowy altar of Dithmenos.
   145 | D        | Found a glowing silver altar of Zin.
   146 | D        | Found an ancient bone altar of Kikubaaqudgha.
   146 | D        | Found a hide-covered altar of Uskayaw.
   147 | D        | Found a stormy altar of Qazlal.
   147 | D        | Found a white marble altar of Elyvilon.
   147 | D        | Found a glowing golden altar of the Shining One.
   148 | D        | Became a worshipper of Gozag Ym Sagoz the Greedy
   149 | D        | Found a corrupted altar of Lugonu.
   149 | D        | Found a radiant altar of Vehumet.
   410 | D        | Reached skill level 13 in Bows
   410 | D        | Reached XP level 5. HP: 41/41 MP: 5/5
   422 | D        | Noticed a scorpion
   427 | D        | Reached skill level 14 in Bows
   433 | D        | HP: 2/41 [spriggan/cursed +1 short sword of speed {(Curse:
                  | *Noise Fragile)} (12)]
   439 | D        | HP: 1/41 [spriggan/cursed +1 short sword of speed {(Curse:
                  | *Noise Fragile)} (12)]
   446 | D        | Killed a scorpion
   446 | D        | Reached skill level 16 in Bows
   446 | D        | Reached XP level 6. HP: 3/48 MP: 6/6
   622 | D        | Found Curewip's Distillery.
   622 | D        | Found Yrump's General Store.
   631 | D        | Noticed a wandering mushroom
   636 | D        | Killed a wandering mushroom
   636 | D        | Reached skill level 17 in Bows
   636 | D        | Reached XP level 7. HP: 64/64 MP: 7/7
   637 | D        | Noticed a wandering mushroom
   655 | D        | Killed a wandering mushroom
   655 | D        | Reached skill level 18 in Bows
   663 | D        | Found Jiokh's Antique Weapon Emporium.
   663 | D        | Found Vikhlurhuism's Assorted Antiques.
   729 | D        | Noticed a queen bee
   732 | D        | Reached XP level 8. HP: 77/77 MP: 8/8
   734 | D        | Killed a queen bee
   734 | D        | Reached skill level 19 in Bows
   746 | D        | Noticed an oklob plant
   753 | D        | Killed an oklob plant
   753 | D        | Reached skill level 10 in Fighting
   902 | D        | Noticed an oklob plant
  1025 | D        | Killed an oklob plant
  1025 | D        | Reached skill level 20 in Bows
  1025 | D        | Reached XP level 9. HP: 85/89 MP: 6/9
  1046 | D        | Noticed a spriggan druid
  1053 | D        | Killed a spriggan druid
  1120 | D        | Bought a runed arbalest for 210 gold pieces
  1158 | D        | Bought a +3 ring mail of fire resistance for 312 gold
                  | pieces
  1158 | D        | Bought a scroll of fog for 24 gold pieces
  1158 | D        | Bought a scroll of fog for 24 gold pieces
  1158 | D        | Bought a scroll of enchantment for 90 gold pieces
  1167 | D        | Bought a scroll of enchantment for 172 gold pieces
  1167 | D        | Bought a ruby potion for 20 gold pieces
  1167 | D        | Bought 2 cyan potions for 41 gold pieces
  1169 | D        | Bought a potion of curing for 69 gold pieces
  1230 | D        | Noticed an oklob plant conjurer
  1232 | D        | Killed an oklob plant conjurer
  1351 | D        | Noticed a spriggan rider
  1351 | D        | Noticed Agnes
  1352 | D        | Killed a spriggan rider
  1357 | D        | HP: 4/91 [Agnes/+0 lajatang (7)]
  1359 | D        | Annihilated by Agnes

Levels and vault maps discovered:
D:        dungeon_sprint_fedhas [sprint_temple]

Skill      XL: |  1  2  3  4  5  6  7  8  9 |
---------------+----------------------------+-----
Bows           | 7 9 12 13 16 17 18 20 | 20.9
Fighting       | 6 8 11 12 | 12.4
Armour         | 2 4 |  4.7
Crossbows      | 7 |  7.0
Dodging        | |  1.3
Stealth        | |  0.4

Action                   |  1- 3 |  4- 6 |  7- 9 || total
-------------------------+-------+-------+-------++-------
 Fire: Shortbow          |    27 |    29 |    43 ||    99
       Arbalest          |       |       |     9 ||     9
Invok: Call Merchant     |       |       |     1 ||     1
 Abil: Evoke Invisibilit |       |       |     1 ||     1
Evoke: Phantom mirror    |       |       |     1 ||     1
  Use: Scroll            |       |     1 |     3 ||     4
       Potion            |       |     1 |       ||     1
  Eat: Ration            |       |       |     1 ||     1
Armor: Leather armour    |     1 |     1 |       ||     2
       Scale mail        |       |       |     1 ||     1
Dodge: Dodged            |     5 |     4 |     4 ||    13
